 Dungeon Crawl Stone Soup version 0.25.1-2-g60ff931df9 (webtiles) character file.

Game seed: 11662056818317758935

14920 lorenzova the Thaumaturge (level 11, -8/54 HPs)
             Began as a Deep Elf Conjurer on Oct 8, 2020.
             Was an Elder of Vehumet.
             Mangled by an unseen horror (9 damage)
             ... on level 11 of the Dungeon.
             The game lasted 00:32:21 (15310 turns).

lorenzova the Thaumaturge (Deep Elf Conjurer)      Turns: 15310, Time: 00:32:22

Health: -8/54      AC:  7    Str:  5    XL:     11   Next: 95%
Magic:  8/30       EV: 13    Int: 30    God:    Vehumet [****..]
Gold:   565        SH:  0    Dex: 15    Spells: 21/37 levels left

rFire    . . .     SeeInvis .   P - staff of conjuration
rCold    . . .     Gourm    .   (no shield)
rNeg     . . .     Faith    .   a - +0 robe
rPois    .         Spirit   .   (no helmet)
rElec    .         Reflect  .   (no cloak)
rCorr    .         Harm     .   (no gloves)
MR       +....                  i - +0 pair of boots
Stlth    ++........             (no amulet)
HPRegen  0.18/turn              k - +6 ring of intelligence
MPRegen  0.22/turn              C - +4 ring of protection

@: marked
A: no striking features
a: Renounce Religion


You were on level 11 of the Dungeon.
You worshipped Vehumet.
Vehumet was greatly pleased with you.
You were not hungry.

You visited 2 branches of the dungeon, and saw 12 of its levels.
You also visited: Sewer.

You collected 565 gold pieces.

Inventory:

Hand Weapons
 d - a +4 dagger
Armour
 a - a +0 robe (worn)
 i - a +0 pair of boots (worn)
Magical Staves
 K - an uncursed staff of earth
 P - an uncursed staff of conjuration (weapon)
Jewellery
 k - a +6 ring of intelligence (left hand)
 C - a +4 ring of protection (right hand)
 G - an uncursed ring of flight
 I - an uncursed amulet of guardian spirit
 N - an uncursed ring of stealth
Wands
 t - a wand of enslavement (17)
 u - a wand of disintegration (12)
 y - a wand of acid (17)
 z - a wand of digging (10)
 H - a wand of polymorph (15)
 O - a wand of clouds (5)
Scrolls
 e - 6 scrolls of teleportation
 f - 3 scrolls of amnesia
 h - 3 scrolls of fog
 l - 3 scrolls of magic mapping {unknown}
 m - 4 scrolls of blinking
 p - 2 scrolls of fear
 r - 5 scrolls of remove curse
 v - a scroll of noise {unknown}
 w - 2 scrolls of enchant weapon {unknown}
 B - a scroll of brand weapon
 E - a scroll of vulnerability {unknown}
 J - a scroll of torment {unknown}
 L - a scroll of enchant armour {unknown}
Potions
 b - 5 potions of curing
 g - 5 potions of heal wounds
 j - a potion of invisibility {unknown}
 n - 3 potions of might {unknown}
 o - a potion of flight {unknown}
 q - 2 potions of stabbing {unknown}
 s - a potion of degeneration {unknown}
 x - 2 potions of cancellation {unknown}
 A - 2 potions of brilliance {unknown}
 D - a potion of haste
 F - a potion of lignification {unknown}
Comestibles
 c - 18 rations
 M - a chunk of flesh


   Skills:
 - Level 2.4 Dodging
 - Level 2.4 Stealth
 * Level 13.7 Spellcasting
 * Level 12.3 Conjurations
 + Level 8.9 Hexes
 - Level 6.0 Translocations
 * Level 9.4 Fire Magic


You had 21 spell levels left.
You knew the following spells:

 Your Spells              Type           Power        Failure   Level  Hunger
a - Magic Dart            Conj           ####         0%          1    None
b - Searing Ray           Conj           ######       0%          2    None
c - Iskenderun's Mystic   Conj/Tloc      #######.     1%          4    None
d - Fulminant Prism       Conj/Hex       #######...   1%          4    None
e - Foxfire               Conj/Fire      ####         1%          1    None
s - Sticky Flame          Conj/Fire      #######.     1%          4    None

Your spell library contained the following spells:

 Spells                   Type           Power        Failure   Level  Hunger
 Olgreb's Toxic Radiance  Pois           ###.....     7%          4    None
 Apportation              Tloc           ######       1%          1    None
 Corona                   Hex            ######.      1%          1    None
 Dazzling Flash           Conj/Hex       ######       1%          3    None
 Animate Skeleton         Necr           N/A          2%          1    None
 Beastly Appendage        Tmut           ###...       2%          1    None
 Summon Small Mammal      Summ           ###.         2%          1    None
 Sticks to Snakes         Tmut           ###.....     3%          2    None
 Spider Form              Tmut/Pois      ###.......   7%          3    None
 Ice Form                 Ice/Tmut       ###.....     24%         4    None
 Blade Hands              Tmut           ###.......   54%         5    None


Dungeon Overview and Level Annotations

Branches:
Dungeon (11/15)            Temple (1/1) D:5            Lair (0/6) D:8
  Sewer (visited)
    Orc: D:9-12

Altars:
Ashenzari
Cheibriados
Elyvilon
Fedhas
Gozag
Hepliaklqana
Kikubaaqudgha
Makhleb
Nemelex Xobeh
Okawaru
Qazlal
Ru
Sif Muna
Trog
Uskayaw
Vehumet
Wu Jian
Xom
Yredelemnul
Zin
The Shining One
Lugonu


Message History

Harold is knocked back by the mystic blast.
Casting: Iskenderun's Mystic Blast (safe; 1% risk of failure)
Confirm with . or Enter, or press ? or * to list all spells.
Aiming: Searing Ray (safe; 1% risk of failure)
Press: ? - help, Shift-Dir - straight line, f/p - Harold
Aim: Harold, wielding a +2 vorpal hand axe and wearing a +0 ring mail (almost dead)
You feel a surge of power!
The searing ray hits Harold.
Harold is almost dead. (Press . to maintain the ray.) Harold points at you and mumbles some strange words.
A sentinel's mark forms upon you.
The searing ray hits Harold.
Harold is almost dead.
The searing ray hits Harold.
You kill Harold!
Vehumet accepts your kill.
You feel your power returning.
Harold looks down at his mortal wounds and cries, "But... this was my last day before retirement..."
Something hits you!
You die...

#.#..............
#...###[†........
#.#. #...........
###.#####§§§.....
c....§§§§§§....
#.#####§§§.....
#§.§§.....
#..####### #.@#
#).# #).# ..)#
.#..# .....# ..
##.# ... ...


There were no monsters in sight!

Vanquished Creatures
  A hydra (D:11)
  Harold (D:11)
  3 two-headed ogres
  A queen ant (D:8)
  Pikel (D:7)
  A cyclops (D:10)
  Maurice (D:8)
  A centaur skeleton (D:10)
  A komodo dragon (D:10)
  A kobold demonologist (D:11)
  A troll (D:10)
  Prince Ribbit (D:5)
  2 hippogriffs
  A wraith (D:10)
  A yak (D:8)
  A hungry ghost (D:9)
  Menkaure (D:7)
  20 soldier ants
  3 porcupines (D:8)
  Duvessa (D:5)
  4 sky beasts
  3 black bears
  3 orc warriors
  A slave (D:7)
  8 ogres
  2 phantoms
  3 ice beasts
  A necrophage (D:8)
  4 centaurs
  A big kobold (D:9)
  3 bullfrogs
  A gnoll sergeant (D:7)
  Dowan (D:5)
  6 scorpions
  5 wights (D:9)
  6 killer bees (D:10)
  A howler monkey (D:4)
  3 crimson imps
  3 orc wizards
  4 hounds
  5 orc priests
  2 bullfrog skeletons
  3 iguanas
  Ijyb (D:5)
  28 worker ants
  5 gnolls
  6 river rats
  14 adders
  7 oozes
  2 worms
  3 dart slugs
  7 leopard geckos
  28 orcs
  2 giant cockroaches
  13 goblins
  9 hobgoblins
  10 jackals
  15 kobolds
  7 quokkas
  8 ball pythons
  9 bats
  11 frilled lizards
  A jackal zombie (D:7)
  A leopard gecko skeleton (D:6)
  12 rats
316 creatures vanquished.

Vanquished Creatures (others)
  2 slaves (D:7)
  A hungry ghost (D:7)
  A water moccasin (D:7)
  A hound (D:7)
  An orc (D:7)
  A giant cockroach (D:7)
  48 fulminant prisms
  11 fungi (D:8)
66 creatures vanquished.

Grand Total: 382 creatures vanquished

Notes
Turn   | Place    | Note
-------+----------+-------------------------------------------
     0 | D:1      | lorenzova the Deep Elf Conjurer began the quest for the
                  | Orb.
     0 | D:1      | Reached XP level 1. HP: 10/10 MP: 6/6
   137 | D:1      | Reached XP level 2. HP: 15/15 MP: 4/8
   388 | D:1      | Reached skill level 4 in Spellcasting
   397 | D:1      | Reached XP level 3. HP: 19/19 MP: 2/10
   400 | D:1      | Reached skill level 5 in Conjurations
   475 | D:1      | Learned a level 2 spell: Searing Ray
  1442 | D:2      | Reached XP level 4. HP: 21/24 MP: 4/12
  1840 | D:2      | Found a faded altar of an unknown god.
  1870 | D:2      | Reached skill level 5 in Spellcasting
  2999 | D:3      | Reached XP level 5. HP: 28/28 MP: 11/14
  3668 | D:4      | Noticed an orc warrior
  4030 | D:4      | Reached skill level 6 in Spellcasting
  4242 | D:4      | Reached XP level 6. HP: 32/32 MP: 13/17
  4422 | D:3      | Learned a level 4 spell: Iskenderun's Mystic Blast
  4427 | D:3      | Learned a level 4 spell: Fulminant Prism
  4605 | D:4      | Found an ancient bone altar of Kikubaaqudgha.
  4621 | D:4      | Reached skill level 1 in Hexes
  4652 | D:4      | Reached skill level 1 in Translocations
  4899 | D:4      | Reached skill level 7 in Spellcasting
  5024 | D:4      | Killed an orc warrior
  5024 | D:4      | Reached XP level 7. HP: 36/36 MP: 13/19
  5251 | D:4      | Found an iron altar of Okawaru.
  5330 | D:4      | Found a shimmering blue altar of Sif Muna.
  5399 | D:5      | Entered Level 5 of the Dungeon
  5401 | D:5      | Found a sacrificial altar of Ru.
  5481 | D:5      | Noticed Duvessa
  5487 | D:5      | Noticed Dowan
  5490 | D:5      | Killed Duvessa
  5492 | D:5      | Killed Dowan
  5569 | D:5      | Found a burning altar of Makhleb.
  5572 | D:5      | Noticed a green death
  5574 | D:5      | Found a glowing silver altar of Zin.
  5574 | D:5      | Noticed an angel
  5685 | D:5      | Reached skill level 8 in Spellcasting
  5737 | D:5      | Found a staircase to the Ecumenical Temple.
  5758 | Temple   | Entered the Ecumenical Temple
  5773 | Temple   | Became a worshipper of Vehumet
  5930 | D:5      | Found a snail-covered altar of Cheibriados.
  5996 | D:5      | Noticed Prince Ribbit
  6004 | D:5      | Killed Prince Ribbit
  6004 | D:5      | Reached XP level 8. HP: 41/41 MP: 14/22
  6629 | D:6      | Found a glowing drain.
  6653 | Sewer    | Entered a sewer
  6859 | Sewer    | Reached * piety under Vehumet
  6859 | Sewer    | Offered knowledge of Foxfire by Vehumet.
  6862 | Sewer    | Learned a level 1 spell: Foxfire
  7176 | D:6      | Reached skill level 9 in Spellcasting
  7245 | D:6      | Reached skill level 1 in Fire Magic
  7649 | D:5      | Noticed Ijyb
  7652 | D:5      | Killed Ijyb
  7740 | D:7      | Noticed Pikel
  7746 | D:7      | Killed Pikel
  7829 | D:7      | Reached XP level 9. HP: 45/45 MP: 12/24
  8027 | D:7      | Noticed Menkaure
  8213 | D:7      | Killed Menkaure
  8444 | D:7      | You fall into a shaft and drop 3 floors!
  8444 | D:10     | Entered Level 10 of the Dungeon
  8517 | D:10     | Found a glowing golden altar of the Shining One.
  8517 | D:10     | Noticed a two-headed ogre
  8686 | D:10     | Reached skill level 5 in Hexes
  8770 | D:10     | Reached skill level 10 in Spellcasting
  9282 | D:9      | Offered knowledge of Freeze by Vehumet.
  9377 | D:9      | Reached ** piety under Vehumet
  9377 | D:9      | Reached skill level 5 in Fire Magic
  9500 | D:8      | Found a shattered altar of Ashenzari.
  9510 | D:8      | Reached skill level 10 in Conjurations
  9765 | D:7      | Noticed a two-headed ogre
  9772 | D:7      | Killed a two-headed ogre
  9772 | D:7      | Reached skill level 11 in Spellcasting
  9772 | D:7      | Reached skill level 5 in Translocations
  9772 | D:7      | Reached XP level 10. HP: 50/50 MP: 22/27
 10526 | D:8      | Noticed Maurice
 10943 | D:8      | Killed Maurice
 10958 | D:7      | Offered knowledge of Stone Arrow by Vehumet.
 11128 | D:8      | Found a stormy altar of Qazlal.
 11128 | D:8      | Found a hide-covered altar of Uskayaw.
 11128 | D:8      | Found a basalt altar of Yredelemnul.
 11183 | D:8      | Reached skill level 12 in Spellcasting
 11818 | D:8      | Reached *** piety under Vehumet
 11825 | D:8      | Reached XP level 11. HP: 48/54 MP: 3/29
 12020 | D:8      | Noticed a queen ant
 12029 | D:8      | Killed a queen ant
 12436 | D:8      | Offered knowledge of Sticky Flame by Vehumet.
 12442 | D:8      | Learned a level 4 spell: Sticky Flame
 13275 | D:8      | Found a sparkling altar of Nemelex Xobeh.
 13275 | D:8      | Found an ornate altar of the Wu Jian Council.
 13315 | D:8      | Found a staircase to the Lair.
 13649 | D:9      | Noticed a two-headed ogre
 13652 | D:9      | Reached **** piety under Vehumet
 13914 | D:9      | Noticed a two-headed ogre
 13915 | D:9      | Offered knowledge of Olgreb's Toxic Radiance by Vehumet.
 13928 | D:9      | Killed a two-headed ogre
 13983 | D:9      | Reached skill level 13 in Spellcasting
 14042 | D:9      | Found a white marble altar of Elyvilon.
 14282 | D:9      | Killed a two-headed ogre
 14536 | D:11     | Noticed a six-headed hydra
 15254 | D:11     | Killed a six-headed hydra
 15293 | D:11     | Noticed Harold
 15306 | D:11     | HP: 1/54 [Harold/+2 vorpal hand axe (3)]
 15310 | D:11     | Killed Harold
 15310 | D:11     | Mangled by an unseen horror

Illustrated notes

Levels and vault maps discovered:
D:1:      dpeg_arrival_tiny_k, layout_loops_ring, minmay_tiny_reverse_x
D:2:      layout_loops_corners, chequers_ecumenical_altar_island, first_ration
D:3:      layout_basic, hex_medium
D:4:      layout_cave_pools, kennysheep_okawaru_gauntlet, kennysheep_mini_moat,
          led_sif_pool
D:5:      layout_loops_ring, kennysheep_mini, nicolae_overflow_hidden_temple,
          grunt_temple_overflow_order_and_chaos_2,
          minmay_temple_entry_offerings, uniq_duvessa, uniq_prince_ribbit1,
          uniq_ijyb
D:6:      layout_loops_cross, portal_sewer_entry_b, eino_tiny_chamber
D:7:      layout_basic, uniq_pikel, uniq_menkaure
D:8:      layout_rooms, overflow_temple_1_default, grunt_temple_overflow_open,
          due_lair_maze_entry_diamond, serial_rivers,
          chequers_serial_rivers_micro_e, chequers_serial_rivers_large_b,
          chequers_serial_rivers_small_3, chequers_serial_rivers_micro_b,
          chequers_serial_rivers_marsh, chequers_serial_rivers_micro_b,
          minivault_29, uniq_maurice
D:9:      layout_cave_pools, overflow_temple_1_default
D:10:     layout_basic, grunt_ogre_cave, serial_bayou_pond_d,
          minmay_ruined_shrine
D:11:     layout_basic, uniq_harold
Temple:   corrupted_temple

Skill      XL: |  1  2  3  4  5  6  7  8  9 10 11 |
---------------+----------------------------------+-----
Spellcasting   | 4 5 6 7 8 9 11 12 13 | 13.7
Conjurations   | 5 6 7 8 9 10 11 12 | 12.3
Hexes          | 2 3 4 6 7 8 |  8.9
Translocations | 1 2 3 5 6 |  6.0
Fire Magic     | 2 5 7 9 |  9.4
Dodging        | |  2.4
Stealth        | |  2.4

Action                   |  1- 3 |  4- 6 |  7- 9 | 10-12 || total
-------------------------+-------+-------+-------+-------++-------
Melee: Dagger            |       |       |     3 |       ||     3
 Cast: Magic Dart        |    75 |   119 |   131 |    96 ||   421
       Searing Ray       |       |    15 |    49 |    62 ||   126
       Iskenderun's Myst |       |       |     3 |    34 ||    37
       Fulminant Prism   |       |       |     2 |    46 ||    48
       Sticky Flame      |       |       |       |     2 ||     2
 Abil: Evoke Flight      |       |       |       |     1 ||     1
  Use: Scroll            |       |     4 |     8 |     1 ||    13
 Stab: Sleeping          |       |       |     3 |       ||     3
  Eat: Chunk             |     1 |    11 |    14 |    14 ||    40
       Ration            |       |       |       |     1 ||     1
Armor: Robe              |       |     4 |     9 |    10 ||    23
Dodge: Dodged            |     2 |    15 |    36 |    54 ||   107
